[Event "Titled Tuesday Blitz July 18 Early 2023"]
[White "Matinian, Nikita"]
[Black "Arencibia Monduy, Antonio"]
[WhiteFideId "24129100"]
[BlackFideId "3507939"]
[WhiteElo "2707"]
[BlackElo "2553"]
[Result "1-0"]
[Round "4"]
[TimeControl "180+2"]
[Date "2023.07.18"]
[WhiteClock "0:00:14"]
[BlackClock "0:00:05"]
[Board "65"]

1. d4 Nf6 2. Nf3 e6 3. c4 d5 4. Nc3 Be7 5. Bg5 Ne4 6. Bxe7 Qxe7 7. e3 Nxc3 8. bxc3 O-O 9. Qc2 c5 10. Bd3 h6 11. Ne5 Nc6 12. Nxc6 bxc6 13. O-O cxd4 14. cxd4 e5 15. cxd5 cxd5 16. dxe5 Qxe5 17. Rfd1 Be6 18. Qa4 Rfc8 19. Rab1 Rc7 20. Ba6 Bf5 21. Rbc1 Rxc1 22. Rxc1 Rb8 23. h3 Rb2 24. Bf1 Be6 25. Qxa7 Qf6 26. f3 Qh4 27. Kh1 Bxh3 28. gxh3 Qg3 29. Rc8+ Kh7 30. Bd3+ g6 31. Qxf7# 1-0


[Site "https://www.chess.com"]

[Event "Titled Tuesday Blitz July 18 Early 2023"]
[White "Ezat, Mohamed"]
[Black "Basso, Pier Luigi"]
[WhiteFideId "10600906"]
[BlackFideId "866970"]
[WhiteElo "2546"]
[BlackElo "2700"]
[Result "0-1"]
[Round "4"]
[TimeControl "180+2"]
[Date "2023.07.18"]
[WhiteClock "0:00:08"]
[BlackClock "0:01:14"]
[Board "66"]

1. d4 d5 2. c4 c6 3. Nc3 Nf6 4. cxd5 cxd5 5. Bf4 Nc6 6. e3 Bg4 7. Qb3 Na5 8. Qa4+ Bd7 9. Qc2 e6 10. Bd3 Nh5 11. Be5 Nc6 12. a3 Nxe5 13. dxe5 Qg5 14. f4 Qh4+ 15. Qf2 Qxf2+ 16. Kxf2 Bc5 17. Nge2 f6 18. g4 Nxf4 19. Nxf4 fxe5 20. Nfe2 O-O+ 21. Kg2 Bxe3 22. Raf1 e4 23. Bb5 Bc6 24. Bxc6 bxc6 25. Nd1 Bb6 26. Rxf8+ Kxf8 27. Rf1+ Ke7 28. Ng3 Bd4 29. Ne2 Be5 30. Ne3 a5 31. Rc1 Kd6 32. Rd1 Kc7 33. Nd4 Kd7 34. b3 Rb8 35. Nec2 c5 36. Ne2 Rxb3 37. h4 Rb2 38. Rc1 Kd6 39. Kf1 d4 40. Ne1 d3 41. Nc3 Bxc3 42. Rxc3 d2 43. Ke2 dxe1=Q+ 44. Kxe1 Kd5 0-1


[Site "https://www.chess.com"]

[Event "Titled Tuesday Blitz July 18 Early 2023"]
[White "Liyanage, Ranindu Dilshan"]
[Black "Hajiyev, Kanan"]
[WhiteFideId "9915834"]
[BlackFideId "13404148"]
[WhiteElo "2698"]
[BlackElo "2545"]
[Result "1-0"]
[Round "4"]
[TimeControl "180+2"]
[Date "2023.07.18"]
[WhiteClock "0:00:50"]
[BlackClock "0:00:20"]
[Board "67"]

1. e4 c6 2. d4 d5 3. e5 a6 4. c4 Bf5 5. Nc3 e6 6. h4 h5 7. Nge2 Nh6 8. Ng3 Bg6 9. cxd5 cxd5 10. Bd3 Nc6 11. Bxg6 fxg6 12. Nge2 Nf5 13. Nf4 Kf7 14. g4 hxg4 15. Qxg4 Rh6 16. Nxe6 Kxe6 17. Bxh6 Nxd4 18. O-O-O gxh6 19. Rxd4 g5 20. Rxd5 Qc7 21. Rhd1 b5 22. Rd6+ Bxd6 23. Rxd6+ Kxe5 24. Rd5+ Ke6 25. Qxf5+ Ke7 26. Re5+ Kd6 27. Qe6# 1-0


[Site "https://www.chess.com"]

[Event "Titled Tuesday Blitz July 18 Early 2023"]
[White "Alex_Sahakyan2006"]
[Black "Girya, Olga"]
[BlackFideId "4195752"]
[WhiteElo "2695"]
[BlackElo "2543"]
[Result "1-0"]
[Round "4"]
[TimeControl "180+2"]
[Date "2023.07.18"]
[WhiteClock "0:00:12"]
[BlackClock "0:00:00"]
[Board "68"]

1. e4 e5 2. Nf3 Nc6 3. Bb5 a6 4. Ba4 Nf6 5. O-O Nxe4 6. d4 b5 7. Bb3 d5 8. dxe5 Be6 9. c3 Be7 10. Bc2 Bg4 11. Bb3 Be6 12. Nbd2 Nc5 13. Bc2 d4 14. Nb3 d3 15. Nxc5 dxc2 16. Qxd8+ Rxd8 17. Nxe6 fxe6 18. Be3 Rd5 19. Rfc1 Nxe5 20. Nxe5 Rxe5 21. c4 b4 22. Rxc2 Kf7 23. Rd1 Rd8 24. Rxd8 Bxd8 25. Kf1 Bg5 26. Ba7 Ra5 27. b3 Bf6 28. Bb8 Bd8 29. Rd2 Ke8 30. Ba7 Rh5 31. h3 Be7 32. Bd4 g6 33. Ke2 a5 34. Kf3 a4 35. Ke4 Ra5 36. Rd3 axb3 37. axb3 c5 38. Be3 Kf7 39. g4 Ra3 40. Rd7 Ke8 41. Rd3 Kf7 42. f4 Ke8 43. f5 exf5+ 44. gxf5 gxf5+ 45. Kxf5 Ra1 46. Bf4 Kf7 47. Rd7 Ra6 48. Bg5 Re6 49. Rxe7+ Rxe7 50. Bxe7 Kxe7 51. Ke5 h5 52. h4 Kf7 53. Kf5 1-0


[Site "https://www.chess.com"]

[Event "Titled Tuesday Blitz July 18 Early 2023"]
[White "Ortega Amarelle, Mariano"]
[Black "Eugene, Floryan"]
[WhiteFideId "3504301"]
[BlackFideId "20694784"]
[WhiteElo "2536"]
[BlackElo "2695"]
[Result "0-1"]
[Round "4"]
[TimeControl "180+2"]
[Date "2023.07.18"]
[WhiteClock "0:00:11"]
[BlackClock "0:00:07"]
[Board "69"]

1. e4 c5 2. Nf3 Nc6 3. d4 cxd4 4. Nxd4 Nf6 5. Nc3 e5 6. Ndb5 d6 7. Bg5 a6 8. Na3 Be6 9. Nc4 Rc8 10. Bxf6 gxf6 11. Ne3 Bh6 12. Ned5 Nd4 13. Bd3 Rg8 14. Qh5 Rg6 15. h3 Kf8 16. O-O Kg7 17. f4 b5 18. a3 Rc5 19. f5 Rg5 20. Qd1 Bxd5 21. Nxd5 Qa8 22. Ne3 Rg3 23. Ng4 Bf4 24. c3 Nc6 25. Rf3 Rxf3 26. Qxf3 h5 27. Nf2 Qh8 28. Bc2 Ne7 29. Bb3 d5 30. Bxd5 Nxd5 31. exd5 Qh6 32. Ne4 Rxd5 33. Rd1 Rxd1+ 34. Qxd1 Be3+ 35. Kf1 Qf4+ 36. Qf3 Qxf3+ 37. gxf3 Bc1 38. b4 Bxa3 39. Ke2 Kf8 40. Nc5 a5 41. Nb7 axb4 42. cxb4 Bxb4 43. Nd8 Bc5 44. Nc6 b4 45. Na5 Bd4 46. Kd3 Bc3 47. Kc4 Kg7 48. Nb3 Kh6 49. Kd3 Kg5 50. Ke4 Kh4 51. f4 Kxh3 52. fxe5 Bxe5 0-1


[Site "https://www.chess.com"]

[Event "Titled Tuesday Blitz July 18 Early 2023"]
[White "Kantans, Toms"]
[Black "Trifan, Andrei Ioan"]
[WhiteFideId "11602945"]
[BlackFideId "12967068"]
[WhiteElo "2691"]
[BlackElo "2535"]
[Result "0-1"]
[Round "4"]
[TimeControl "180+2"]
[Date "2023.07.18"]
[WhiteClock "0:00:02"]
[BlackClock "0:00:39"]
[Board "70"]

1. e4 c6 2. d4 d5 3. e5 Bf5 4. g4 Bg6 5. e6 Qd6 6. exf7+ Bxf7 7. f4 g6 8. Nf3 Bg7 9. Be3 Nf6 10. h3 Ne4 11. Nbd2 O-O 12. Bd3 c5 13. Nxe4 dxe4 14. Bxe4 Nc6 15. dxc5 Qe6 16. Ng5 Qc4 17. Qd3 Qb4+ 18. c3 Qxb2 19. Rb1 Qxc3+ 20. Qxc3 Bxc3+ 21. Kf2 Bxa2 22. Rxb7 Rac8 23. Rc1 Bf6 24. Nf3 a5 25. Rb6 Nb4 26. c6 Bd5 27. Bxd5+ Nxd5 28. Ra6 Nb4 29. Rxa5 Nd3+ 30. Ke2 Nxc1+ 31. Bxc1 Rxc6 32. Be3 Rb8 33. Ra2 Re6 34. Kf2 Rb2+ 35. Rxb2 Bxb2 36. Ng5 Rc6 37. Kf3 Bf6 38. Ne4 Ra6 39. Nc5 Ra3 40. Ke4 Kf7 41. Nd3 Ra4+ 42. Kf3 Ra1 43. Ke4 Ke6 44. Nc5+ Kd6 45. Nd3 Ra4+ 46. Kf3 Bd4 47. Bxd4 Rxd4 48. Ke3 Ra4 49. h4 Kd5 50. h5 gxh5 51. gxh5 Ra3 52. Ke2 Ke4 0-1


[Site "https://www.chess.com"]

[Event "Titled Tuesday Blitz July 18 Early 2023"]
[White "2KRK1"]
[Black "Jimenez Almeida, Luis David"]
[BlackFideId "22242244"]
[WhiteElo "2686"]
[BlackElo "2534"]
[Result "1-0"]
[Round "4"]
[TimeControl "180+2"]
[Date "2023.07.18"]
[WhiteClock "0:00:12"]
[BlackClock "0:00:02"]
[Board "71"]

1. Nf3 Nf6 2. b3 g6 3. Bb2 Bg7 4. g3 O-O 5. Bg2 d5 6. c4 c6 7. O-O a5 8. d3 Nbd7 9. Nbd2 Re8 10. Rc1 a4 11. b4 a3 12. Ba1 e6 13. Qb3 Qe7 14. c5 e5 15. e4 d4 16. Nc4 Nh5 17. Nd6 Rd8 18. Ng5 Rf8 19. f4 h6 20. Nh3 Ndf6 21. f5 gxf5 22. Nxf5 Qc7 23. Qd1 Kh7 24. Bf3 Bxf5 25. exf5 Nf4 26. gxf4 exf4 27. Bxd4 Rad8 28. Bxf6 Bxf6 29. Be4 Rg8+ 30. Kh1 Be5 31. f6+ Kh8 32. Qh5 Bxf6 33. Qxh6# 1-0


[Site "https://www.chess.com"]

[Event "Titled Tuesday Blitz July 18 Early 2023"]
[White "AyMitecK"]
[Black "Itgelt, Khuyagtsogt"]
[BlackFideId "4902912"]
[WhiteElo "2530"]
[BlackElo "2678"]
[Result "0-1"]
[Round "4"]
[TimeControl "180+2"]
[Date "2023.07.18"]
[WhiteClock "0:00:16"]
[BlackClock "0:00:10"]
[Board "72"]

1. e4 e6 2. d4 d5 3. Nd2 c5 4. Ngf3 Nc6 5. exd5 exd5 6. Bb5 Qe7+ 7. Kf1 a6 8. Bxc6+ bxc6 9. dxc5 Nf6 10. Nb3 a5 11. Be3 Qc7 12. h3 a4 13. Nc1 Ba6+ 14. Kg1 Be7 15. Nd3 O-O 16. b4 Ne4 17. Bf4 Qb7 18. g3 Rfe8 19. a3 Bf6 20. Be5 Bxe5 21. Nfxe5 Qc7 22. Nf3 Nxg3 23. Rh2 Ne4 24. Rg2 f6 25. Nh4 Qd7 26. Qf3 Ng5 27. Qg3 Qxh3 28. Qxh3 Nxh3+ 29. Kh2 Ng5 30. Nf5 g6 31. Nd6 Re7 32. f4 Ne4 33. Nf5 Rd7 34. Rag1 Kf8 35. Nh4 Re8 36. Nf3 Rde7 37. Re2 Nc3 38. Rxe7 Rxe7 39. Rg2 Re4 40. Nd2 Bxd3 41. cxd3 Rxf4 42. Kg3 g5 43. Rh2 Kg7 44. Nf3 Nb5 45. Kf2 Nxa3 46. Ke3 Nb5 47. Ra2 a3 48. d4 h5 49. Rg2 Kg6 50. Ne1 Re4+ 51. Kf2 Nxd4 52. Kf1 Rf4+ 53. Kg1 Nf3+ 54. Nxf3 Rxf3 55. Ra2 Rb3 56. Ra1 Rxb4 57. Rxa3 Rb5 58. Ra8 Rxc5 59. Kf2 Kf5 60. Rf8 Rc4 61. Re8 h4 62. Ke3 Kg4 63. Kd3 f5 64. Rh8 f4 65. Kd2 c5 66. Ke1 Re4+ 67. Kf2 c4 68. Rc8 h3 69. Rxc4 dxc4 70. Kg1 Re2 71. Kf1 f3 72. Kg1 Kg3 73. Kf1 c3 74. Kg1 Re1# 0-1


[Site "https://www.chess.com"]

[Event "Titled Tuesday Blitz July 18 Early 2023"]
[White "Begmuratov, Alisher"]
[Black "Rangel, Daniel"]
[WhiteFideId "14203367"]
[BlackFideId "2124475"]
[WhiteElo "2674"]
[BlackElo "2529"]
[Result "0-1"]
[Round "4"]
[TimeControl "180+2"]
[Date "2023.07.18"]
[WhiteClock "0:00:17"]
[BlackClock "0:00:11"]
[Board "73"]

1. c4 Nf6 2. Nf3 e6 3. b3 d5 4. Bb2 Be7 5. e3 O-O 6. Be2 a5 7. Nc3 Bd7 8. Qc2 Na6 9. a3 c6 10. O-O Rc8 11. Ne5 b5 12. cxb5 cxb5 13. Qd1 Nc7 14. Qb1 d4 15. exd4 Nfd5 16. Bf3 Be8 17. Rc1 Rb8 18. Ne4 g6 19. Nc5 Bf6 20. Qe4 Bg7 21. Rc2 Nf6 22. Qe2 Ncd5 23. g3 h5 24. h4 Ne7 25. Rac1 Nfd5 26. Na6 Rb6 27. Nc7 Nf5 28. Nxd5 exd5 29. Rc8 Qf6 30. Bxd5 Rd6 31. Rxe8 Rxe8 32. Bxf7+ Qxf7 33. Nxf7 Rxe2 34. Nxd6 Nxd6 35. Rc6 Nf5 36. Rc8+ Kh7 37. Bc3 a4 38. bxa4 bxa4 39. Ra8 Bxd4 40. Bxd4 Nxd4 41. Rxa4 Rxd2 42. Ra7+ Kh6 43. a4 Ra2 44. Ra8 Nc6 45. Kg2 Ne5 46. a5 Ng4 47. a6 Rxf2+ 48. Kg1 Ra2 49. Ra7 Ne3 50. Ra8 Nf5 51. a7 Kh7 52. Kf1 Nxg3+ 53. Ke1 Nf5 54. Kf1 Nxh4 55. Kg1 Nf5 56. Kf1 h4 57. Kg1 h3 58. Kh1 Ng3+ 0-1


[Site "https://www.chess.com"]

[Event "Titled Tuesday Blitz July 18 Early 2023"]
[White "Andreev, Konstantin"]
[Black "Rychagov, Andrey"]
[WhiteFideId "24239305"]
[BlackFideId "4119932"]
[WhiteElo "2526"]
[BlackElo "2668"]
[Result "0-1"]
[Round "4"]
[TimeControl "180+2"]
[Date "2023.07.18"]
[WhiteClock "0:01:45"]
[BlackClock "0:01:42"]
[Board "74"]

1. e4 c5 2. Nf3 e6 3. d4 cxd4 4. Nxd4 a6 5. Bd3 Bc5 6. Nb3 Be7 7. Qg4 g6 8. Nc3 d6 9. Qe2 Nc6 10. Be3 Ne5 11. f4 Nxd3+ 12. cxd3 Nf6 13. O-O-O b5 14. Rdf1 Bb7 15. Kb1 b4 16. Nd1 a5 17. g4 a4 18. Nc1 Nd7 19. h4 d5 20. e5 d4 21. Bxd4 Bxh1 22. Rxh1 Nc5 23. Be3 Qd5 24. Nf2 Rd8 25. h5 g5 26. d4 Ne4 27. Ncd3 Nxf2 28. Nxf2 gxf4 29. Bxf4 b3 30. Rd1 Rc8 31. Rc1 O-O 32. Rxc8 Rxc8 33. g5 Rc2 34. Qd3 Rxf2 35. g6 Rxf4 0-1


[Site "https://www.chess.com"]

[Event "Titled Tuesday Blitz July 18 Early 2023"]
[White "Nagare Kaivalya Sandip"]
[Black "Marosi, Levente"]
[WhiteFideId "25957929"]
[BlackFideId "747181"]
[WhiteElo "2667"]
[BlackElo "2524"]
[Result "1-0"]
[Round "4"]
[TimeControl "180+2"]
[Date "2023.07.18"]
[WhiteClock "0:00:56"]
[BlackClock "0:00:16"]
[Board "75"]

1. e4 c6 2. d4 d5 3. e5 Bf5 4. Nd2 e6 5. Ngf3 c5 6. c3 Nc6 7. Be2 Qb6 8. O-O cxd4 9. cxd4 Rc8 10. Nb3 Nb4 11. Bd2 a5 12. Bc3 a4 13. Nc5 Bxc5 14. dxc5 Qxc5 15. Qxa4+ Nc6 16. Rac1 Qa7 17. Qxa7 Nxa7 18. Nd4 Ne7 19. Bb4 Bg6 20. Rxc8+ Nexc8 21. Rc1 Kd7 22. a4 Nb6 23. b3 Rc8 24. Rxc8 Nbxc8 25. Bf8 Nc6 26. Nxc6 Kxc6 27. Bb5+ Kc7 28. Bxg7 Bc2 29. b4 Na7 30. Be8 Nc6 31. Bxf7 d4 32. b5 Nd8 33. Be8 d3 34. Bh6 b6 35. Kf1 Bxa4 36. Ke1 Nb7 37. Kd2 Nc5 38. Be3 Bc2 39. Bxc5 bxc5 40. Bf7 Kd7 41. b6 h6 42. b7 Kc7 43. Bxe6 Kxb7 44. Bc4 Kc7 45. Bxd3 Bb3 46. f4 Be6 47. f5 Bd5 48. g4 Bf3 49. h3 Bg2 50. h4 Bf3 51. g5 hxg5 52. hxg5 Kd7 53. Ke3 Bd1 54. Kf4 Bb3 55. g6 c4 56. Be4 c3 57. Kg5 c2 58. Bxc2 Bxc2 59. Kf6 Ke8 60. g7 Bb3 61. e6 Bxe6 62. fxe6 Kd8 63. g8=Q+ 1-0


[Site "https://www.chess.com"]

[Event "Titled Tuesday Blitz July 18 Early 2023"]
[White "Koshulyan, Egor A."]
[Black "Garakov, Mikhael"]
[WhiteFideId "24237000"]
[BlackFideId "4169034"]
[WhiteElo "2666"]
[BlackElo "2524"]
[Result "1-0"]
[Round "4"]
[TimeControl "180+2"]
[Date "2023.07.18"]
[WhiteClock "0:01:12"]
[BlackClock "0:00:36"]
[Board "76"]

1. e4 c5 2. Nf3 e6 3. d4 cxd4 4. Nxd4 Nc6 5. Nc3 Qc7 6. a3 a6 7. Be3 Nf6 8. Be2 Be7 9. O-O O-O 10. f4 d6 11. Qe1 Nxd4 12. Bxd4 b5 13. Qg3 d5 14. Bd3 Bc5 15. Bxc5 Qxc5+ 16. Kh1 Bb7 17. e5 Ne4 18. Qh4 g6 19. Rf3 Nxc3 20. bxc3 d4 21. Rh3 h5 22. Qg5 Qd5 23. Rg1 Qd8 24. Qh6 Re8 25. Rxh5 1-0


[Site "https://www.chess.com"]

[Event "Titled Tuesday Blitz July 18 Early 2023"]
[White "Arhan_Anand"]
[Black "Bilan, Danila"]
[BlackFideId "24161918"]
[WhiteElo "2664"]
[BlackElo "2523"]
[Result "0-1"]
[Round "4"]
[TimeControl "180+2"]
[Date "2023.07.18"]
[WhiteClock "0:00:10"]
[BlackClock "0:00:12"]
[Board "77"]

1. Nf3 d5 2. c4 c6 3. g3 Nf6 4. Bg2 Bf5 5. cxd5 cxd5 6. d3 Nc6 7. O-O e6 8. Nbd2 h6 9. Re1 Bc5 10. Nb3 Bb6 11. a4 O-O 12. Bd2 Ng4 13. d4 a5 14. Bc3 Qd6 15. e3 Rfc8 16. Nfd2 Nf6 17. Qe2 Nb4 18. Bxb4 Qxb4 19. Rec1 Rxc1+ 20. Rxc1 Qxa4 21. f3 Qb4 22. Qd1 a4 23. Nc5 Bxc5 24. Rxc5 Qxb2 25. Bf1 a3 26. Rb5 Qc3 27. Rb3 Qxd2 28. Qxd2 a2 29. g4 Bg6 30. Rxb7 a1=Q 31. h4 Ra2 32. Qb4 Bd3 33. Rb8+ Kh7 34. Rh8+ Kxh8 35. Qf8+ Kh7 0-1


[Site "https://www.chess.com"]

[Event "Titled Tuesday Blitz July 18 Early 2023"]
[White "FoxOnTheRun97"]
[Black "Galiot, Goran"]
[BlackFideId "931560"]
[WhiteElo "2523"]
[BlackElo "2660"]
[Result "1-0"]
[Round "4"]
[TimeControl "180+2"]
[Date "2023.07.18"]
[WhiteClock "0:00:48"]
[BlackClock "0:00:10"]
[Board "78"]

1. d4 Nf6 2. Bg5 Ne4 3. h4 d5 4. Nd2 Bf5 5. Nxe4 Bxe4 6. e3 h6 7. Bf4 c6 8. f3 Bh7 9. Bd3 Qb6 10. Bxh7 Rxh7 11. Qd3 Qxb2 12. Rd1 Rh8 13. Ne2 Qxa2 14. Kf2 Qc4 15. Qd2 Nd7 16. Ra1 e5 17. dxe5 Bc5 18. Rhb1 b5 19. Nd4 O-O-O 20. Nxc6 Qxf4 21. Ne7+ Kb7 22. Rxb5+ Nb6 23. Rxc5 Qxe5 24. Rxa7+ Kxa7 25. Nc6+ Kb7 26. Nxe5 Rc8 27. Rb5 f6 28. Nd7 1-0


[Site "https://www.chess.com"]

[Event "Titled Tuesday Blitz July 18 Early 2023"]
[White "Aaditya Dhingra"]
[Black "MFatigue"]
[WhiteFideId "25678191"]
[WhiteElo "2660"]
[BlackElo "2523"]
[Result "1-0"]
[Round "4"]
[TimeControl "180+2"]
[Date "2023.07.18"]
[WhiteClock "0:00:06"]
[BlackClock "0:00:04"]
[Board "79"]

1. d4 d5 2. Bf4 Nf6 3. e3 e6 4. Nd2 c5 5. Ngf3 Bd6 6. Bg3 O-O 7. c3 Qc7 8. Bd3 Nbd7 9. O-O e5 10. dxe5 Nxe5 11. Nxe5 Bxe5 12. Nf3 Bd6 13. c4 Bxg3 14. hxg3 dxc4 15. Bxc4 Bg4 16. Qc2 Bxf3 17. gxf3 Rfd8 18. Kg2 a6 19. a4 b6 20. Rh1 h6 21. g4 Qc6 22. g5 hxg5 23. Qf5 g4 24. Be2 Rd5 25. Qf4 Qd6 26. Qxd6 Rxd6 27. fxg4 Rd2 28. Bf3 Rb8 29. Rab1 b5 30. Rhc1 c4 31. b3 cxb3 32. Rxb3 b4 33. Rc6 a5 34. Rc5 Ra2 35. Rxa5 Ra3 36. Rb2 b3 37. Rb5 Rxb5 38. axb5 Nd7 39. Bd5 Nb6 40. Rxb3 Ra4 41. Bf3 Kf8 42. Rc3 Rb4 43. Be2 Nd5 44. Rc5 Nf6 45. g5 Nd7 46. Rc6 Ke7 47. f4 f6 48. gxf6+ gxf6 49. Kf3 Nb8 50. Rc4 Rb2 51. Re4+ Kd6 52. Bc4 Nd7 53. Re6+ Kc5 54. Bd3 Rd2 55. Rc6+ Kb4 56. Be2 Nc5 57. Rxf6 Rd7 58. b6 Rb7 59. e4 Na4 60. e5 Nxb6 61. Ke4 Kc5 62. f5 Nd5 63. Rd6 Rb4+ 64. Kd3 Nf4+ 65. Ke3 Nxe2 66. Kxe2 Re4+ 67. Kf3 Rxe5 68. Rf6 Kd5 69. Kf4 Re1 70. Ra6 Rf1+ 71. Kg5 Rg1+ 72. Kf6 Rg2 73. Ra5+ Kd6 74. Kf7 Rf2 75. f6 Kd7 76. Ra7+ Kd6 77. Kg7 Rg2+ 78. Kf8 Rf2 79. f7 Rf1 80. Re7 Rg1 81. Ke8 Ra1 82. Rd7+ Ke6 83. f8=Q Ra8+ 84. Rd8 Rxd8+ 85. Kxd8 1-0


[Site "https://www.chess.com"]

[Event "Titled Tuesday Blitz July 18 Early 2023"]
[White "Haug, Havard"]
[Black "Droin, Augustin"]
[WhiteFideId "1547887"]
[BlackFideId "45105987"]
[WhiteElo "2654"]
[BlackElo "2522"]
[Result "1-0"]
[Round "4"]
[TimeControl "180+2"]
[Date "2023.07.18"]
[WhiteClock "0:00:16"]
[BlackClock "0:00:28"]
[Board "80"]

1. e4 c5 2. c3 d6 3. d4 Nf6 4. dxc5 Nc6 5. cxd6 Nxe4 6. Nf3 e6 7. Bd3 Nc5 8. Bc2 Qxd6 9. Qe2 Be7 10. O-O O-O 11. Na3 a6 12. Nc4 Qc7 13. a4 b6 14. Rd1 Bb7 15. Be3 a5 16. Na3 Rad8 17. Nb5 Qb8 18. Nfd4 Bf6 19. Nxc6 Bxc6 20. Rxd8 Rxd8 21. Rd1 Rxd1+ 22. Qxd1 g6 23. h3 Kg7 24. Qd2 Ne4 25. Bxe4 Bxe4 26. Qd6 Qb7 27. f3 Bc6 28. Bd4 Bxb5 29. axb5 Bxd4+ 30. Qxd4+ Kg8 31. c4 Qc7 32. b3 h5 33. Kf2 Kf8 34. f4 Ke7 35. g3 Qd6 36. Qe3 Kd7 37. Ke2 Kc7 38. Qf3 Qc5 39. Qa8 Kd7 40. Qb7+ Ke8 41. Kd3 Qf2 42. Qc8+ Ke7 43. Qc7+ Kf8 44. Qd8+ Kg7 45. Qd4+ Qxd4+ 46. Kxd4 Kf6 47. c5 Ke7 48. c6 Kd6 49. g4 hxg4 50. hxg4 f6 51. g5 e5+ 52. fxe5+ fxe5+ 53. Ke4 Ke6 54. c7 Kd7 55. Kxe5 Kxc7 56. Kf6 Kd6 57. Kxg6 Kc5 58. Kf5 1-0


[Site "https://www.chess.com"]

[Event "Titled Tuesday Blitz July 18 Early 2023"]
[White "Horak, Martin"]
[Black "benny_aizenberg"]
[WhiteFideId "367095"]
[WhiteElo "2517"]
[BlackElo "2652"]
[Result "0-1"]
[Round "4"]
[TimeControl "180+2"]
[Date "2023.07.18"]
[WhiteClock "0:00:00"]
[BlackClock "0:00:01"]
[Board "81"]

1. e4 e5 2. Nc3 Nf6 3. Bc4 c6 4. d3 d5 5. Bb3 Bc5 6. Nf3 O-O 7. O-O Bg4 8. h3 Bxf3 9. Qxf3 dxe4 10. dxe4 h6 11. Rd1 Qe7 12. Ne2 Kh7 13. Ng3 g6 14. h4 Nbd7 15. h5 Rad8 16. Bd2 Bb6 17. a4 a5 18. Bc4 Rfe8 19. Ra3 Nf8 20. Rb3 Bc5 21. Bxa5 Rxd1+ 22. Qxd1 Ra8 23. Qd2 Ng4 24. Rf3 Ne6 25. Bxe6 Qxe6 26. Bb4 Bd4 27. b3 Rd8 28. Qe2 Bb6 29. Be1 Rd4 30. Rd3 Qd7 31. Rxd4 exd4 32. Qd3 Ne5 33. Qe2 d3 34. cxd3 Nxd3 35. Bc3 Bxf2+ 36. Kh2 Qd6 37. e5 Qd5 38. Ne4 Bh4 39. Qf3 Nxe5 40. hxg6+ fxg6 41. Bxe5 Qxe5+ 42. g3 Be7 43. Kg2 Qg7 44. a5 h5 45. Qf4 g5 46. Qc7 Bb4 0-1


[Site "https://www.chess.com"]

[Event "Titled Tuesday Blitz July 18 Early 2023"]
[White "Postlmayer, Jakob"]
[Black "Tica, Sven"]
[WhiteFideId "1643622"]
[BlackFideId "14526948"]
[WhiteElo "2510"]
[BlackElo "2649"]
[Result "0-1"]
[Round "4"]
[TimeControl "180+2"]
[Date "2023.07.18"]
[WhiteClock "0:01:48"]
[BlackClock "0:01:51"]
[Board "82"]

1. d4 g6 2. e4 Bg7 3. Nc3 a6 4. Be3 b5 5. a3 Bb7 6. f4 d6 7. Be2 Nd7 8. e5 Nh6 9. Bf3 Bxf3 10. Nxf3 Nf5 11. Bf2 h5 12. Qe2 e6 13. O-O-O d5 14. g3 Qe7 15. h3 Bh6 16. Kb1 Bg7 17. g4 hxg4 18. hxg4 Rxh1 19. Rxh1 Nh6 20. Bh4 Qf8 21. Ne1 c5 22. dxc5 Qxc5 23. Nd3 Qc4 24. Bg5 Ng8 25. Rh8 Bxh8 0-1


[Site "https://www.chess.com"]

[Event "Titled Tuesday Blitz July 18 Early 2023"]
[White "Shuvalova, Polina"]
[Black "Mathieu, Phileas"]
[WhiteFideId "24171760"]
[BlackFideId "36048410"]
[WhiteElo "2648"]
[BlackElo "2504"]
[Result "1-0"]
[Round "4"]
[TimeControl "180+2"]
[Date "2023.07.18"]
[WhiteClock "0:00:19"]
[BlackClock "0:00:05"]
[Board "83"]

1. e4 c5 2. Nf3 Nc6 3. c3 d5 4. exd5 Qxd5 5. d4 Bg4 6. Be2 cxd4 7. cxd4 e6 8. Nc3 Qa5 9. O-O Nf6 10. h3 Bh5 11. Be3 Be7 12. Rc1 O-O 13. Qb3 Qb4 14. Qxb4 Nxb4 15. a3 Nbd5 16. g4 Bg6 17. Ne5 Rac8 18. Bf3 Rfd8 19. g5 Nxe3 20. gxf6 Bxa3 21. fxe3 Bxb2 22. Nxg6 hxg6 23. Rc2 Bxc3 24. Rfc1 a5 25. Rxc3 Rxc3 26. Rxc3 b5 27. Rc5 Rb8 28. fxg7 a4 29. Bd1 Kxg7 30. h4 a3 31. Bb3 b4 32. Kf2 Ra8 33. Rc2 Kf6 34. Kf3 Ra5 35. e4 Rh5 36. Kg4 Ra5 37. d5 exd5 38. exd5 Ra7 39. Kf4 Ke7 40. Ke5 f6+ 41. Kd4 Kd7 42. Rg2 g5 43. hxg5 fxg5 44. Rxg5 Ra5 45. Rg7+ Kd6 46. Rg6+ Kd7 47. Rg2 Kd6 48. Re2 Kd7 49. Kc4 Kd6 50. Kxb4 Ra8 51. Ra2 Rb8+ 52. Kc3 Ra8 53. Kd4 Ra6 54. Bc4 Ra4 55. Re2 Kd7 56. Kc5 Ra5+ 57. Kb4 Ra8 58. Ra2 Kd6 59. Rxa3 Rb8+ 60. Kc3 Rh8 61. Ra6+ Kd7 62. Kd4 Rh6 63. Rxh6 1-0


[Site "https://www.chess.com"]

[Event "Titled Tuesday Blitz July 18 Early 2023"]
[White "Tomaszewski, Kacper"]
[Black "Schwabeneder, Florian"]
[WhiteFideId "1127373"]
[BlackFideId "1626191"]
[WhiteElo "2478"]
[BlackElo "2645"]
[Result "0-1"]
[Round "4"]
[TimeControl "180+2"]
[Date "2023.07.18"]
[WhiteClock "0:00:07"]
[BlackClock "0:00:11"]
[Board "84"]

1. d4 Nf6 2. c4 c5 3. d5 g6 4. Nc3 Bg7 5. e4 d6 6. Be2 O-O 7. Be3 Na6 8. Nf3 Nc7 9. e5 Ng4 10. exd6 exd6 11. Bf4 Re8 12. O-O a6 13. a4 Rb8 14. Bd3 Ne5 15. Nxe5 Bxe5 16. Bd2 Bd7 17. a5 b5 18. axb6 Rxb6 19. Qc2 f5 20. Ra2 Qf6 21. Na4 Bxa4 22. Qxa4 Qh4 23. f4 Bd4+ 24. Kh1 Reb8 25. Ba5 R6b7 26. Qc6 Ne8 27. Re1 Nf6 28. Qxd6 Ng4 29. Qe6+ Kg7 30. h3 Qg3 0-1


[Site "https://www.chess.com"]

[Event "Titled Tuesday Blitz July 18 Early 2023"]
[White "Chernyavsky, Alexander"]
[Black "Komov, Roman"]
[WhiteFideId "24131156"]
[BlackFideId "24175714"]
[WhiteElo "2473"]
[BlackElo "2642"]
[Result "0-1"]
[Round "4"]
[TimeControl "180+2"]
[Date "2023.07.18"]
[WhiteClock "0:00:14"]
[BlackClock "0:01:35"]
[Board "85"]

1. d4 Nf6 2. c4 e6 3. Nc3 Bb4 4. e3 O-O 5. Ne2 Re8 6. a3 Bf8 7. e4 d5 8. e5 Nfd7 9. cxd5 exd5 10. f4 c5 11. Be3 Nc6 12. Nxd5 cxd4 13. Nxd4 Ndxe5 14. Nxc6 bxc6 15. fxe5 cxd5 16. Qd4 f6 17. exf6 Re4 18. Qd3 Bc5 19. f7+ Kxf7 20. O-O-O Bxe3+ 21. Kb1 Bf5 22. g4 Bg6 23. Bg2 Rd4 24. Rhf1+ Kg8 25. Qxg6 hxg6 0-1


[Site "https://www.chess.com"]

[Event "Titled Tuesday Blitz July 18 Early 2023"]
[White "Sathish, Pranav"]
[Black "Zomorrodian, Eilia"]
[WhiteFideId "30967538"]
[BlackFideId "12551805"]
[WhiteElo "2459"]
[BlackElo "2640"]
[Result "1-0"]
[Round "4"]
[TimeControl "180+2"]
[Date "2023.07.18"]
[WhiteClock "0:00:21"]
[BlackClock "0:00:08"]
[Board "86"]

1. Nf3 Nf6 2. b3 g6 3. Bb2 Bg7 4. g3 O-O 5. Bg2 d6 6. d4 c5 7. c4 Nc6 8. d5 Na5 9. Nc3 Bf5 10. O-O a6 11. a4 Ne4 12. Rc1 Qb6 13. Nh4 Nxc3 14. Bxc3 Bxc3 15. Rxc3 Bd7 16. Nf3 Qb4 17. Qc2 b5 18. axb5 Bf5 19. Qb2 axb5 20. Nd2 Rfb8 21. e4 Bd7 22. cxb5 Rxb5 23. Ra1 Rab8 24. Bf1 R5b7 25. Qc2 Bb5 26. Nc4 Bxc4 27. bxc4 Rb6 28. Ra4 Qxa4 29. Qxa4 Nb3 30. Qd7 R6b7 31. Rxb3 Rxb3 32. Qxe7 Rb1 33. Qxd6 Ra8 34. Kg2 Raa1 35. Bd3 Rd1 36. Be2 Re1 37. Bf3 Ra2 38. Qxc5 Rc1 39. e5 Rcc2 40. e6 fxe6 41. dxe6 Kg7 42. Qe5+ Kh6 43. Qe3+ Kg7 44. e7 Rxf2+ 45. Qxf2 Rxf2+ 46. Kxf2 Kf7 47. c5 Kxe7 48. c6 Kd6 49. Ke3 Kc7 50. Kf4 Kd6 51. Kg5 Kc7 52. Kh6 Kd6 53. Kxh7 g5 54. Kg6 Ke5 1-0


[Site "https://www.chess.com"]